 Dungeon Crawl Stone Soup version 0.31.0-32-g396128a36d (webtiles) character file.

Game seed: 3810656302070168145

42 NotreDorf the Poker (level 3, 0/28 HPs)
             Began as a Merfolk Gladiator on Mar 30, 2024.
             Slain by Natasha (5 damage)
             ... on level 2 of the Dungeon.
             The game lasted 00:02:31 (863 turns).

NotreDorf the Poker (Merfolk Gladiator)              Turns: 863, Time: 00:02:31

Health: 0/28       AC:  4    Str: 16    XL:     3   Next: 56%
Magic:  3/3        EV: 13    Int:  7    God:
Gold:   39         SH:  0    Dex: 15    Spells: 2/2 levels left

rFire   . . .        a - +0 trident
rCold   . . .        (no shield)
rNeg    . . .        b - +0 leather armour
rPois   .            c - +0 helmet
rElec   .            (no cloak)
rCorr   .            (no gloves)
SInv    .            (no boots)
Will    .....        (no amulet)
Stlth   +            (no ring)
HPRegen 0.24/turn    (no ring)
MPRegen 0.08/turn

%: no passive effects
@: no status effects
A: (nimble swimmer 2), mertail
a: no special abilities


You were on level 2 of the Dungeon.
You visited 1 branch of the dungeon, and saw 2 of its levels.

You collected 39 gold pieces.

Inventory:

Hand Weapons
 a - a +0 trident (weapon)
Missiles
 d - 3 throwing nets
 e - a javelin
 g - 5 stones (quivered)
Armour
 b - a +0 leather armour (worn)
 c - a +0 helmet (worn)
Scrolls
 f - 5 scrolls of identify {unknown}
 j - a scroll of acquirement {unknown}
 k - a scroll of enchant weapon {unknown}
Potions
 h - 3 potions of curing {unknown}
 i - 2 potions of enlightenment {unknown}


   Skills:
 + Level 2.8 Fighting
 + Level 4.6 Polearms
 + Level 2.5 Throwing
 + Level 4.5 Dodging


You had 2 spell levels left.
You didn't know any spells.
Your spell library was empty.

Dungeon Overview and Level Annotations

Branches:
Dungeon (2/15)

Altars:

Annotations:
D:2 Natasha


Innate Abilities, Weirdness & Mutations

((You are very nimble when in or above water. (Stealth+, EV+, Speed+++)))
Your lower body shifts to a powerful aquatic tail in water.


Message History

You kill the frilled lizard!
No target in view!
Done exploring.
There is a stone staircase leading down here.
You climb downwards.
There is a stone staircase leading up here.
You now have 39 gold pieces (gained 9).
An adder comes into view.
The adder hisses angrily.
You hit the adder.
The adder is heavily wounded.
The adder closely misses you. The adder barely misses you.
You hit the adder.
The adder is severely wounded.
The adder bites you but does no damage.
You puncture the adder!
You kill the adder!
j - a scroll labelled NUD XIPSUTYCK
k - a scroll labelled ZEULLYG TYSO You open the door.
Natasha, Servant of Life and Death comes into view.
Natasha mumbles some strange words.
You hit the cerulean imp but do no damage.
The cerulean imp hits you but does no damage.
You hit Natasha but do no damage. Your punch misses Natasha.
Natasha stares at you and mumbles some strange words.
The magic dart hits you. The cerulean imp barely misses you.
You closely miss Natasha. Natasha claws you! The cerulean imp misses you.
You barely miss Natasha. Natasha claws you.
The cerulean imp hits you with a +2 spear.
You hit Natasha.
Natasha is moderately wounded.
Natasha claws you!
* * * LOW HITPOINT WARNING * * *
The cerulean imp barely misses you.
You hit Natasha but do no damage.
Natasha is moderately wounded.
Natasha claws you.
You die...
Natasha curls up and begins to purr.

#########
#.......#
#.......#
#.......#
#.##5......#
+..h@......#
#.##.......#
######.##
#.# #.# #.#
#.# #.# #.#


You could see Natasha and a cerulean imp (summoned).

Vanquished Creatures
  An adder (D:2)
  2 ball pythons (D:1)
  3 endoplasms (D:1)
  3 goblins (D:1)
  5 hobgoblins (D:1)
  4 jackals (D:1)
  A quokka (D:1)
  2 bats (D:1)
  3 frilled lizards (D:1)
  3 kobolds (D:1)
  3 rats (D:1)
30 creatures vanquished.

Notes
Turn   | Place    | Note
-------+----------+-------------------------------------------
     0 | D:1      | NotreDorf the Merfolk Gladiator began the quest for the
                  | Orb.
     0 | D:1      | Reached XP level 1. HP: 16/16 MP: 1/1
    88 | D:1      | Reached XP level 2. HP: 21/23 MP: 2/2
   343 | D:1      | Reached XP level 3. HP: 24/28 MP: 3/3
   857 | D:2      | Noticed Natasha
   863 | D:2      | Slain by Natasha

Illustrated notes

Levels and vault maps discovered:
D:1:      mrwooster_arrival_statue_2, layout_loops_ring, hex_tiny,
          minmay_small_reverse_x
D:2:      layout_basic, uniq_natasha

Action                     || total
---------------------------++-------
  Melee: Trident           ||   110
         Punch             ||     1
   Stab: Sleeping          ||     1
 Armour: Leather armour    ||    37
  Dodge: Dodged            ||    66
